 Dungeon Crawl Stone Soup version 0.29.0-15-g675c0067aa (webtiles) character file.

Game seed: 12141649651821020674

470 qw the Chopper (level 7, -2/1 (43) HPs)
             Began as a Gargoyle Delver on Sept 11, 2022.
             Slain by a goblin
             ... wielding a +0 spear
              (3 damage)
             ... on level 4 of the Dungeon.
             The game lasted 00:19:05 (30273 turns).

qw the Chopper (Gargoyle Delver)                   Turns: 30273, Time: 00:19:06

HP:   -2/1 (43)     AC: 20    Str: 18    XL:     7   Next: 9%
MP:   0/7           EV:  5    Int: 10    God:
Gold: 313           SH:  0    Dex: 11    Spells: 6/6 levels left

rFire   . . .      SeeInvis .   Y - +0 war axe
rCold   . . .      Faith    .   (no shield)
rNeg    + . .      Spirit   +   i - +0 plate armour
rPois   inf        Reflect  .   (no helmet)
rElec   +          Harm     .   (no cloak)
rCorr   .          Rampage  .   h - +1 pair of gloves
Will    .....                   c - +1 pair of boots
Stlth   ..........              d - amulet of guardian spirit
HPRegen 0.01/turn               (no ring)
MPRegen 0.10/turn               (no ring)

@: extremely drained, bezotted and risking death
A: sickness immunity, AC +4, negative energy resistance 1, electricity
resistance, torment resistance 1, petrification resistance
a: no special abilities


You were on level 4 of the Dungeon.
You visited 1 branch of the dungeon, and saw 5 of its levels.

You collected 313 gold pieces.


Innate Abilities, Weirdness & Mutations

You are immune to sickness and miasma.
Your stone body is resilient. (AC +4)
You are immune to poison.
You resist negative energy. (rN+)
You are resistant to electric shocks. (rElec)
You are resistant to unholy torment.
You are immune to petrification.


   Skills:
 - Level 4.1 Fighting
 + Level 5.8 Axes
 - Level 3.0 Armour
 - Level 1.5 Dodging
 - Level 5.4 Stealth


You had 6 spell levels left.
You didn't know any spells.
Your spell library was empty.

Inventory:

Hand Weapons
 b - a +0 flail
 Y - a +0 war axe (weapon)
Armour
 c - a +1 pair of boots (worn)
 h - a +1 pair of gloves (worn)
 i - a +0 plate armour (worn)
Jewellery
 d - an amulet of guardian spirit (around neck)
Wands
 g - a wand of digging (3)
Scrolls
 a - a scroll of identify
Potions
 e - a potion of might
 f - 2 potions of haste
 j - a potion of curing
 n - a potion of degeneration {unknown}

Dungeon Overview and Level Annotations

Branches:
Dungeon (5/15) Zot: 843! Temple: D:4-7 You are so drained that the power of Zot will kill you!

Altars:
Kikubaaqudgha
Okawaru
Sif Muna
Trog
Vehumet
Yredelemnul

Annotations:
D:4 3 runed translucent doors, qw's ghost, weakling GrDe


Message History

Could not explore, unopened runed door.
You see here a +0 short sword.
The goblin hits you but does no damage.
Could not explore, unopened runed door.
Qw's ghost wails, "What do you have that I didn't have?"
You see here a +0 short sword.
The goblin hits you from afar with a +0 spear.
The goblin hits you but does no damage. The goblin hits you but does no damage.
The goblin barely misses you. The goblin hits you but does no damage.
The goblin barely misses you. The goblin completely misses you.
The goblin closely misses you. The goblin hits you but does no damage.
The goblin hits you but does no damage. The goblin hits you but does no damage.
The goblin hits you but does no damage.
The goblin hits you from afar with a +0 spear.
The goblin hits you but does no damage. The goblin hits you but does no damage.
The goblin hits you but does no damage. The goblin hits you but does no damage.
The goblin hits you but does no damage. The goblin completely misses you.
The goblin hits you but does no damage. The goblin hits you but does no damage.
The goblin hits you but does no damage.
The goblin hits you from afar with a +0 spear.
The goblin hits you but does no damage. The goblin hits you but does no damage.
The goblin hits you but does no damage. The goblin hits you but does no damage.
The goblin hits you but does no damage. The goblin barely misses you.
The goblin hits you but does no damage. The goblin barely misses you.
The goblin hits you from afar with a +0 spear.
Ouch! That really hurt!
You die...

#..#.###......# #.##..
##.#..........# #.##..
#.###........# #.##..
#......#####.#######
#...#.
######.#.....~g~...#
###.##
########.......~~~.8.#
#.#.
#.................8_8#
#..#
##.#####.......~~~.8.#
##.# #.#
#.#....@~g~...# #.#
#.# #.###...#######
##. #.# #.###.....# ##
#.# #.##.8####### ##.
#.# ##.##).#Wo...8 #..
#.# #......#oo##.. #..
##.####......#oo#8..
#..
#............#oo##..
##.
#######......#o#o...
##


You could see 2 goblins.

Vanquished Creatures
  A scorpion (D:4)
  A bullfrog zombie (D:4)
  An orc priest (D:4)
  2 jellies (D:3)
  A gnoll bouda (D:4)
  An iguana (D:4)
  A scorpion zombie (D:4)
  4 gnolls (D:4)
  5 adders
  An ufetubus (D:4)
  An adder zombie (D:4)
  7 dart slugs
  6 orcs
  5 ball pythons
  17 endoplasms
  A giant cockroach (D:3)
  7 goblins
  6 hobgoblins
  A jackal (D:4)
  3 quokkas
  3 bats
  3 frilled lizards
  A jackal zombie (D:4)
  14 kobolds
  A quokka zombie (D:4)
  4 rats
  3 rat zombies (D:4)
101 creatures vanquished.

Vanquished Creatures (others)
  An orc wizard (D:3)
  8 fungi (D:3)
  6 toadstools (D:3)
15 creatures vanquished.

Grand Total: 116 creatures vanquished

Notes
Turn   | Place    | Note
-------+----------+-------------------------------------------
     0 | D:5      | qw the Gargoyle Delver began the quest for the Orb.
     0 | D:5      | Reached XP level 1. HP: 14/14 MP: 1/1
     0 | D:5      | 0 ||| qw: Version: 0.1-a-118-gb4e7ce6
     0 | D:5      | 0 ||| qw: Game counter: 10272
     0 | D:5      | 0 ||| qw: Always use a shield: true
     0 | D:5      | 0 ||| qw: God list: Okawaru
     0 | D:5      | 0 ||| qw: Allow faded altars: false
     0 | D:5      | 0 ||| qw: Do Orc after D:15 true
     0 | D:5      | 0 ||| qw: Do second Lair branch before Depths: true
     0 | D:5      | 0 ||| qw: Lair rune preference: random
     0 | D:5      | 0 ||| qw: Plans: Normal
     0 | D:5      | 0 ||| PLANNING D:1-11
     0 | D:5      | 0 ||| DROPPING scroll of fog.
     1 | D:5      | 1 ||| DROPPING scroll of magic mapping.
     2 | D:5      | 2 ||| DROPPING scroll of fear.
   215 | D:3      | 215 ||| SWAPPING to +0 war axe.
   216 | D:3      | 216 ||| DROPPING +0 hand axe.
   347 | D:3      | Reached XP level 2. HP: 19/19 MP: 2/2
   364 | D:3      | 364 ||| Stepping ~*~*~tactically~*~*~ (hiding).
   465 | D:3      | 465 ||| UPGRADING to +0 ring mail.
   475 | D:3      | 475 ||| DROPPING +0 leather armour.
   476 | D:3      | 476 ||| READING scroll labelled KIRGHE ZUSUPS.
   478 | D:3      | 478 ||| Stepping ~*~*~tactically~*~*~ (hiding).
   580 | D:3      | 580 ||| Stepping ~*~*~tactically~*~*~ (hiding).
   682 | D:3      | 682 ||| Stepping ~*~*~tactically~*~*~ (hiding).
   784 | D:3      | 784 ||| Stepping ~*~*~tactically~*~*~ (hiding).
   886 | D:3      | 886 ||| Stepping ~*~*~tactically~*~*~ (hiding).
   988 | D:3      | 988 ||| Stepping ~*~*~tactically~*~*~ (hiding).
  1090 | D:3      | 1090 ||| Stepping ~*~*~tactically~*~*~ (hiding).
  1102 | D:3      | 1102 ||| FLEEEEING.
  1103 | D:3      | 1103 ||| STAIRDANCE
  1109 | D:2      | 1109 ||| Stepping randomly (stuck).
  1113 | D:2      | 1113 ||| Stepping randomly (stuck).
  1208 | D:1      | Found a faded altar of an unknown god.
  1242 | D:1      | 1242 ||| Stepping ~*~*~tactically~*~*~ (stealth).
  1579 | D:1      | 1579 ||| Stepping ~*~*~tactically~*~*~ (stealth).
  1581 | D:1      | 1581 ||| Stepping ~*~*~tactically~*~*~ (stealth).
  1589 | D:1      | Reached skill level 3 in Axes
  1622 | D:1      | 1622 ||| Stepping ~*~*~tactically~*~*~ (stealth).
  1628 | D:1      | Reached XP level 3. HP: 23/23 MP: 3/3
  1711 | D:1      | 1711 ||| Stepping ~*~*~tactically~*~*~ (stealth).
  1712 | D:1      | 1712 ||| Stepping ~*~*~tactically~*~*~ (stealth).
  1820 | D:1      | 1820 ||| UPGRADING to +1 pair of gloves.
  1825 | D:1      | 1825 ||| READING 3 scrolls labelled SUPTIX JALECW.
  1826 | D:1      | 1826 ||| READING 2 scrolls of identify.
  1826 | D:1      | 1826 ||| IDENTIFYING blue potion
  1926 | D:2      | 1926 ||| UPGRADING to +0 plate armour.
  1936 | D:2      | 1936 ||| DROPPING +0 ring mail.
  1937 | D:2      | 1937 ||| Stepping randomly (stuck).
  1938 | D:2      | 1938 ||| Stepping randomly (stuck).
  1939 | D:2      | 1939 ||| Stepping randomly (stuck).
  1940 | D:2      | 1940 ||| Stepping randomly (stuck).
  1941 | D:2      | 1941 ||| Stepping randomly (stuck).
  1942 | D:2      | 1942 ||| Stepping randomly (stuck).
  1943 | D:2      | 1943 ||| Stepping randomly (stuck).
  1944 | D:2      | 1944 ||| Stepping randomly (stuck).
  1945 | D:2      | 1945 ||| Stepping randomly (stuck).
  1946 | D:2      | 1946 ||| Stepping randomly (stuck).
  1947 | D:2      | 1947 ||| Stepping randomly (stuck).
  1948 | D:2      | 1948 ||| Stepping randomly (stuck).
  1949 | D:2      | 1949 ||| Stepping randomly (stuck).
  1950 | D:2      | 1950 ||| Stepping randomly (stuck).
  1951 | D:2      | 1951 ||| Stepping randomly (stuck).
  2095 | D:2      | Reached skill level 1 in Armour
  2399 | D:2      | 2399 ||| UPGRADING to amulet of guardian spirit.
  2407 | D:2      | 2407 ||| READING 2 scrolls labelled PIXUTR UCIE.
  2408 | D:2      | 2408 ||| DROPPING scroll of poison.
  2409 | D:2      | 2409 ||| Stepping randomly (stuck).
  2411 | D:2      | 2411 ||| Stepping randomly (stuck).
  2412 | D:2      | 2412 ||| Stepping randomly (stuck).
  2770 | D:2      | Reached XP level 4. HP: 28/28 MP: 4/4
  2945 | D:3      | 2945 ||| STAIRDANCE
  3065 | D:3      | Found a bloodstained altar of Trog.
  3178 | D:3      | Found a radiant altar of Vehumet.
  3471 | D:3      | Found a shimmering blue altar of Sif Muna.
  3502 | D:3      | HP: 6/28 [something/puff of flame (4)]
  3532 | D:3      | HP: 7/28 [orc wizard/magic dart (2)]
  3533 | D:3      | 3533 ||| DRINKING 3 potions of heal wounds.
  3567 | D:3      | 3567 ||| FLEEEEING.
  3569 | D:3      | 3569 ||| FLEEEEING.
  3774 | D:3      | 3774 ||| Stepping ~*~*~tactically~*~*~ (stealth).
  3781 | D:3      | HP: 7/28 [frozen (4)]
  3782 | D:3      | 3782 ||| DRINKING 2 potions of heal wounds.
  3785 | D:3      | Reached XP level 5. HP: 17/32 MP: 0/5
  3786 | D:3      | 3786 ||| DRINKING potion of heal wounds.
  3788 | D:3      | Reached skill level 3 in Armour
  3838 | D:3      | 3838 ||| DRINKING 2 lumpy puce potions.
  3920 | D:4      | 3920 ||| Stepping ~*~*~tactically~*~*~ (hiding).
  3980 | D:4      | Identified the +5 long sword of Integrity {flame, rElec
                  | rF+}
  3993 | D:4      | 3993 ||| Stepping ~*~*~tactically~*~*~ (hiding).
  4003 | D:4      | 4003 ||| Stepping ~*~*~tactically~*~*~ (stealth).
  4004 | D:4      | HP: 8/32 [gnoll/+0 spear[a gnoll bouda] (1)]
  4316 | D:4      | Reached XP level 6. HP: 30/37 MP: 6/6
  4341 | D:4      | 4341 ||| Stepping ~*~*~tactically~*~*~ (stealth).
  4371 | D:4      | Found a basalt altar of Yredelemnul.
  4389 | D:4      | 4389 ||| Stepping ~*~*~tactically~*~*~ (stealth).
  4521 | D:4      | 4521 ||| FLEEEEING.
  4535 | D:4      | 4535 ||| FLEEEEING.
  4536 | D:4      | 4536 ||| FLEEEEING.
  4537 | D:4      | 4537 ||| FLEEEEING.
  4538 | D:4      | 4538 ||| FLEEEEING.
  4539 | D:4      | 4539 ||| FLEEEEING.
  4540 | D:4      | 4540 ||| FLEEEEING.
  4543 | D:4      | 4543 ||| FLEEEEING.
  4544 | D:4      | 4544 ||| FLEEEEING.
  4545 | D:4      | 4545 ||| FLEEEEING.
  4548 | D:4      | 4548 ||| FLEEEEING.
  4549 | D:4      | 4549 ||| FLEEEEING.
  4550 | D:4      | 4550 ||| FLEEEEING.
  4551 | D:4      | 4551 ||| FLEEEEING.
  4552 | D:4      | 4552 ||| FLEEEEING.
  4557 | D:4      | 4557 ||| Stepping ~*~*~tactically~*~*~ (hiding).
  4558 | D:4      | 4558 ||| Stepping ~*~*~tactically~*~*~ (hiding).
  4638 | D:4      | 4638 ||| Stepping ~*~*~tactically~*~*~ (hiding).
  4639 | D:4      | 4639 ||| Stepping ~*~*~tactically~*~*~ (hiding).
  4691 | D:4      | 4691 ||| Stepping ~*~*~tactically~*~*~ (hiding).
  4694 | D:4      | 4694 ||| Stepping ~*~*~tactically~*~*~ (hiding).
  4815 | D:4      | Found an iron altar of Okawaru.
  4817 | D:4      | Found a runed translucent gate.
  4817 | D:4      | Identified the +3 scale mail of Niomienn {*Slow rPois
                  | Int+3}
  4817 | D:4      | Noticed qw's ghost (weakling GrDe)
  4818 | D:4      | Found a runed translucent gate.
  4825 | D:4      | Found a runed translucent gate.
  5058 | D:4      | Found an ancient bone altar of Kikubaaqudgha.
  5178 | D:4      | 5178 ||| Stepping ~*~*~tactically~*~*~ (stealth).
  5341 | D:4      | Reached XP level 7. HP: 40/43 MP: 7/7
  5684 | D:4      | 5684 ||| UPGRADING to +1 pair of boots.
  5689 | D:4      | 5689 ||| READING scroll labelled KOSEVE DIOCIAMN.
  5690 | D:4      | 5690 ||| DRINKING 2 fizzy green potions.
  5691 | D:4      | 5691 ||| DRINKING 2 sapphire potions.
  5692 | D:4      | 5692 ||| READING 3 scrolls of identify.
  5692 | D:4      | 5692 ||| IDENTIFYING smoky yellow potion
  5693 | D:4      | 5693 ||| READING 2 scrolls of identify.
  5693 | D:4      | 5693 ||| IDENTIFYING golden potion
  5694 | D:4      | 5694 ||| DROPPING potion of berserk rage.
  5695 | D:4      | 5695 ||| DROPPING potion of attraction.
  5696 | D:4      | 5696 ||| DROPPING potion of magic.
  5810 | D:4      | 5810 ||| FLEEEEING.
  5811 | D:4      | 5811 ||| FLEEEEING.
  5843 | D:4      | 5843 ||| FLEEEEING.
  5844 | D:4      | 5844 ||| FLEEEEING.
  5845 | D:4      | 5845 ||| FLEEEEING.
  5846 | D:4      | 5846 ||| FLEEEEING.
  6039 | D:4      | 6039 ||| FLEEEEING.
  6040 | D:4      | 6040 ||| FLEEEEING.
  6530 | D:4      | 6530 ||| FLEEEEING.
  6531 | D:4      | 6531 ||| FLEEEEING.
  6532 | D:4      | 6532 ||| FLEEEEING.
  6533 | D:4      | 6533 ||| FLEEEEING.
  6534 | D:4      | 6534 ||| FLEEEEING.
  6535 | D:4      | 6535 ||| FLEEEEING.
  6625 | D:4      | 6625 ||| FLEEEEING.
  6626 | D:4      | 6626 ||| FLEEEEING.
  6627 | D:4      | 6627 ||| FLEEEEING.
  6778 | D:4      | 6778 ||| FLEEEEING.
  6779 | D:4      | 6779 ||| FLEEEEING.
  6780 | D:4      | 6780 ||| FLEEEEING.
  6781 | D:4      | 6781 ||| FLEEEEING.
  6782 | D:4      | 6782 ||| FLEEEEING.
  6783 | D:4      | 6783 ||| FLEEEEING.
  6784 | D:4      | 6784 ||| FLEEEEING.
  6785 | D:4      | 6785 ||| FLEEEEING.
  7226 | D:4      | 7226 ||| FLEEEEING.
  7227 | D:4      | 7227 ||| FLEEEEING.
  7228 | D:4      | 7228 ||| FLEEEEING.
  7229 | D:4      | 7229 ||| FLEEEEING.
  7230 | D:4      | 7230 ||| FLEEEEING.
  7231 | D:4      | 7231 ||| FLEEEEING.
  7232 | D:4      | 7232 ||| FLEEEEING.
  8136 | D:4      | 8136 ||| FLEEEEING.
  8137 | D:4      | 8137 ||| FLEEEEING.
  8138 | D:4      | 8138 ||| FLEEEEING.
  8139 | D:4      | 8139 ||| FLEEEEING.
  8140 | D:4      | 8140 ||| FLEEEEING.
  8144 | D:4      | 8144 ||| FLEEEEING.
  8145 | D:4      | 8145 ||| FLEEEEING.
  8146 | D:4      | 8146 ||| FLEEEEING.
  8328 | D:4      | 8328 ||| FLEEEEING.
  8329 | D:4      | 8329 ||| FLEEEEING.
  8330 | D:4      | 8330 ||| FLEEEEING.
  8331 | D:4      | 8331 ||| FLEEEEING.
  8332 | D:4      | 8332 ||| FLEEEEING.
  8333 | D:4      | 8333 ||| FLEEEEING.
  8334 | D:4      | 8334 ||| FLEEEEING.
  8335 | D:4      | 8335 ||| FLEEEEING.
  8619 | D:4      | 8619 ||| FLEEEEING.
  8620 | D:4      | 8620 ||| FLEEEEING.
  8621 | D:4      | 8621 ||| FLEEEEING.
  8622 | D:4      | 8622 ||| FLEEEEING.
  8623 | D:4      | 8623 ||| FLEEEEING.
  8624 | D:4      | 8624 ||| FLEEEEING.
  8625 | D:4      | 8625 ||| FLEEEEING.
  8719 | D:4      | 8719 ||| FLEEEEING.
  8720 | D:4      | 8720 ||| FLEEEEING.
  8721 | D:4      | 8721 ||| FLEEEEING.
  8722 | D:4      | 8722 ||| FLEEEEING.
  8723 | D:4      | 8723 ||| FLEEEEING.
  8724 | D:4      | 8724 ||| FLEEEEING.
  8725 | D:4      | 8725 ||| FLEEEEING.
  8726 | D:4      | 8726 ||| FLEEEEING.
  8862 | D:4      | 8862 ||| FLEEEEING.
  8863 | D:4      | 8863 ||| FLEEEEING.
  8864 | D:4      | 8864 ||| FLEEEEING.
  8865 | D:4      | 8865 ||| FLEEEEING.
  8866 | D:4      | 8866 ||| FLEEEEING.
  8867 | D:4      | 8867 ||| FLEEEEING.
  8868 | D:4      | 8868 ||| FLEEEEING.
  8869 | D:4      | 8869 ||| FLEEEEING.
  8980 | D:4      | 8980 ||| FLEEEEING.
  8981 | D:4      | 8981 ||| FLEEEEING.
  8982 | D:4      | 8982 ||| FLEEEEING.
  8983 | D:4      | 8983 ||| FLEEEEING.
  8984 | D:4      | 8984 ||| FLEEEEING.
  8985 | D:4      | 8985 ||| FLEEEEING.
  9230 | D:4      | 9230 ||| FLEEEEING.
  9231 | D:4      | 9231 ||| FLEEEEING.
  9232 | D:4      | 9232 ||| FLEEEEING.
  9234 | D:4      | 9234 ||| FLEEEEING.
  9235 | D:4      | 9235 ||| FLEEEEING.
  9236 | D:4      | 9236 ||| FLEEEEING.
  9774 | D:4      | 9774 ||| FLEEEEING.
  9775 | D:4      | 9775 ||| FLEEEEING.
  9776 | D:4      | 9776 ||| FLEEEEING.
  9777 | D:4      | 9777 ||| FLEEEEING.
  9778 | D:4      | 9778 ||| FLEEEEING.
  9779 | D:4      | 9779 ||| FLEEEEING.
  9780 | D:4      | 9780 ||| FLEEEEING.
  9990 | D:4      | 9990 ||| FLEEEEING.
  9996 | D:4      | 9996 ||| FLEEEEING.
  9997 | D:4      | 9997 ||| FLEEEEING.
  9998 | D:4      | 9998 ||| FLEEEEING.
  9999 | D:4      | 9999 ||| FLEEEEING.
 10000 | D:4      | 10000 ||| FLEEEEING.
 10001 | D:4      | 10001 ||| FLEEEEING.
 10002 | D:4      | 10002 ||| FLEEEEING.
 10197 | D:4      | 10197 ||| FLEEEEING.
 10198 | D:4      | 10198 ||| FLEEEEING.
 10199 | D:4      | 10199 ||| FLEEEEING.
 10200 | D:4      | 10200 ||| FLEEEEING.
 10201 | D:4      | 10201 ||| FLEEEEING.
 10202 | D:4      | 10202 ||| FLEEEEING.
 10203 | D:4      | 10203 ||| FLEEEEING.
 10204 | D:4      | 10204 ||| FLEEEEING.
 10354 | D:4      | 10354 ||| FLEEEEING.
 10360 | D:4      | 10360 ||| FLEEEEING.
 10361 | D:4      | 10361 ||| FLEEEEING.
 10362 | D:4      | 10362 ||| FLEEEEING.
 10363 | D:4      | 10363 ||| FLEEEEING.
 10364 | D:4      | 10364 ||| FLEEEEING.
 10365 | D:4      | 10365 ||| FLEEEEING.
 10366 | D:4      | 10366 ||| FLEEEEING.
 10465 | D:4      | 10465 ||| FLEEEEING.
 10466 | D:4      | 10466 ||| FLEEEEING.
 10467 | D:4      | 10467 ||| FLEEEEING.
 10468 | D:4      | 10468 ||| FLEEEEING.
 10469 | D:4      | 10469 ||| FLEEEEING.
 10470 | D:4      | 10470 ||| FLEEEEING.
 10471 | D:4      | 10471 ||| FLEEEEING.
 10728 | D:4      | 10728 ||| FLEEEEING.
 10729 | D:4      | 10729 ||| FLEEEEING.
 10730 | D:4      | 10730 ||| FLEEEEING.
 10731 | D:4      | 10731 ||| FLEEEEING.
 10732 | D:4      | 10732 ||| FLEEEEING.
 10733 | D:4      | 10733 ||| FLEEEEING.
 10734 | D:4      | 10734 ||| FLEEEEING.
 11178 | D:4      | 11178 ||| FLEEEEING.
 11179 | D:4      | 11179 ||| FLEEEEING.
 11180 | D:4      | 11180 ||| FLEEEEING.
 11181 | D:4      | 11181 ||| FLEEEEING.
 11182 | D:4      | 11182 ||| FLEEEEING.
 11183 | D:4      | 11183 ||| FLEEEEING.
 11184 | D:4      | 11184 ||| FLEEEEING.
 11185 | D:4      | 11185 ||| FLEEEEING.
 11729 | D:4      | 11729 ||| FLEEEEING.
 11730 | D:4      | 11730 ||| FLEEEEING.
 11731 | D:4      | 11731 ||| FLEEEEING.
 11732 | D:4      | 11732 ||| FLEEEEING.
 12144 | D:4      | 12144 ||| FLEEEEING.
 12145 | D:4      | 12145 ||| FLEEEEING.
 12146 | D:4      | 12146 ||| FLEEEEING.
 12147 | D:4      | 12147 ||| FLEEEEING.
 12148 | D:4      | 12148 ||| FLEEEEING.
 12149 | D:4      | 12149 ||| FLEEEEING.
 12150 | D:4      | 12150 ||| FLEEEEING.
 12151 | D:4      | 12151 ||| FLEEEEING.
 12824 | D:4      | 12824 ||| FLEEEEING.
 12825 | D:4      | 12825 ||| FLEEEEING.
 12831 | D:4      | 12831 ||| FLEEEEING.
 12832 | D:4      | 12832 ||| FLEEEEING.
 12833 | D:4      | 12833 ||| FLEEEEING.
 12834 | D:4      | 12834 ||| FLEEEEING.
 12835 | D:4      | 12835 ||| FLEEEEING.
 13048 | D:4      | 13048 ||| FLEEEEING.
 13049 | D:4      | 13049 ||| FLEEEEING.
 13050 | D:4      | 13050 ||| FLEEEEING.
 13051 | D:4      | 13051 ||| FLEEEEING.
 13052 | D:4      | 13052 ||| FLEEEEING.
 13053 | D:4      | 13053 ||| FLEEEEING.
 13054 | D:4      | 13054 ||| FLEEEEING.
 13272 | D:4      | 13272 ||| FLEEEEING.
 13273 | D:4      | 13273 ||| FLEEEEING.
 13274 | D:4      | 13274 ||| FLEEEEING.
 13275 | D:4      | 13275 ||| FLEEEEING.
 13276 | D:4      | 13276 ||| FLEEEEING.
 13277 | D:4      | 13277 ||| FLEEEEING.
 13278 | D:4      | 13278 ||| FLEEEEING.
 13279 | D:4      | 13279 ||| FLEEEEING.
 13422 | D:4      | 13422 ||| FLEEEEING.
 13423 | D:4      | 13423 ||| FLEEEEING.
 13424 | D:4      | 13424 ||| FLEEEEING.
 13425 | D:4      | 13425 ||| FLEEEEING.
 13435 | D:4      | 13435 ||| FLEEEEING.
 13436 | D:4      | 13436 ||| FLEEEEING.
 13437 | D:4      | 13437 ||| FLEEEEING.
 13623 | D:4      | 13623 ||| FLEEEEING.
 13624 | D:4      | 13624 ||| FLEEEEING.
 13625 | D:4      | 13625 ||| FLEEEEING.
 13626 | D:4      | 13626 ||| FLEEEEING.
 13627 | D:4      | 13627 ||| FLEEEEING.
 13628 | D:4      | 13628 ||| FLEEEEING.
 13629 | D:4      | 13629 ||| FLEEEEING.
 13630 | D:4      | 13630 ||| FLEEEEING.
 13949 | D:4      | 13949 ||| FLEEEEING.
 13950 | D:4      | 13950 ||| FLEEEEING.
 13951 | D:4      | 13951 ||| FLEEEEING.
 13952 | D:4      | 13952 ||| FLEEEEING.
 13953 | D:4      | 13953 ||| FLEEEEING.
 13954 | D:4      | 13954 ||| FLEEEEING.
 13955 | D:4      | 13955 ||| FLEEEEING.
 13956 | D:4      | 13956 ||| FLEEEEING.
 14237 | D:4      | 14237 ||| FLEEEEING.
 14238 | D:4      | 14238 ||| FLEEEEING.
 14239 | D:4      | 14239 ||| FLEEEEING.
 14240 | D:4      | 14240 ||| FLEEEEING.
 14241 | D:4      | 14241 ||| FLEEEEING.
 14242 | D:4      | 14242 ||| FLEEEEING.
 14243 | D:4      | 14243 ||| FLEEEEING.
 14244 | D:4      | 14244 ||| FLEEEEING.
 14556 | D:4      | 14556 ||| FLEEEEING.
 14557 | D:4      | 14557 ||| FLEEEEING.
 14558 | D:4      | 14558 ||| FLEEEEING.
 14559 | D:4      | 14559 ||| FLEEEEING.
 14560 | D:4      | 14560 ||| FLEEEEING.
 14561 | D:4      | 14561 ||| FLEEEEING.
 14602 | D:4      | 14602 ||| FLEEEEING.
 14603 | D:4      | 14603 ||| FLEEEEING.
 14604 | D:4      | 14604 ||| FLEEEEING.
 14722 | D:4      | 14722 ||| FLEEEEING.
 14723 | D:4      | 14723 ||| FLEEEEING.
 14724 | D:4      | 14724 ||| FLEEEEING.
 14725 | D:4      | 14725 ||| FLEEEEING.
 14726 | D:4      | 14726 ||| FLEEEEING.
 14727 | D:4      | 14727 ||| FLEEEEING.
 14728 | D:4      | 14728 ||| FLEEEEING.
 14729 | D:4      | 14729 ||| FLEEEEING.
 14849 | D:4      | 14849 ||| FLEEEEING.
 14850 | D:4      | 14850 ||| FLEEEEING.
 14851 | D:4      | 14851 ||| FLEEEEING.
 14852 | D:4      | 14852 ||| FLEEEEING.
 14853 | D:4      | 14853 ||| FLEEEEING.
 14854 | D:4      | 14854 ||| FLEEEEING.
 14855 | D:4      | 14855 ||| FLEEEEING.
 14856 | D:4      | 14856 ||| FLEEEEING.
 15465 | D:4      | 15465 ||| FLEEEEING.
 15466 | D:4      | 15466 ||| FLEEEEING.
 15467 | D:4      | 15467 ||| FLEEEEING.
 15468 | D:4      | 15468 ||| FLEEEEING.
 15484 | D:4      | 15484 ||| FLEEEEING.
 15485 | D:4      | 15485 ||| FLEEEEING.
 15486 | D:4      | 15486 ||| FLEEEEING.
 15487 | D:4      | 15487 ||| FLEEEEING.
 15651 | D:4      | 15651 ||| FLEEEEING.
 15652 | D:4      | 15652 ||| FLEEEEING.
 15653 | D:4      | 15653 ||| FLEEEEING.
 15654 | D:4      | 15654 ||| FLEEEEING.
 15675 | D:4      | 15675 ||| FLEEEEING.
 15731 | D:4      | 15731 ||| FLEEEEING.
 15732 | D:4      | 15732 ||| FLEEEEING.
 16045 | D:4      | 16045 ||| FLEEEEING.
 16046 | D:4      | 16046 ||| FLEEEEING.
 16047 | D:4      | 16047 ||| FLEEEEING.
 16048 | D:4      | 16048 ||| FLEEEEING.
 16049 | D:4      | 16049 ||| FLEEEEING.
 16050 | D:4      | 16050 ||| FLEEEEING.
 16051 | D:4      | 16051 ||| FLEEEEING.
 16052 | D:4      | 16052 ||| FLEEEEING.
 16213 | D:4      | 16213 ||| FLEEEEING.
 16214 | D:4      | 16214 ||| FLEEEEING.
 16215 | D:4      | 16215 ||| FLEEEEING.
 16216 | D:4      | 16216 ||| FLEEEEING.
 16217 | D:4      | 16217 ||| FLEEEEING.
 16218 | D:4      | 16218 ||| FLEEEEING.
 16219 | D:4      | 16219 ||| FLEEEEING.
 16220 | D:4      | 16220 ||| FLEEEEING.
 16851 | D:4      | 16851 ||| FLEEEEING.
 16852 | D:4      | 16852 ||| FLEEEEING.
 16853 | D:4      | 16853 ||| FLEEEEING.
 16854 | D:4      | 16854 ||| FLEEEEING.
 16855 | D:4      | 16855 ||| FLEEEEING.
 16856 | D:4      | 16856 ||| FLEEEEING.
 16857 | D:4      | 16857 ||| FLEEEEING.
 16858 | D:4      | 16858 ||| FLEEEEING.
 17059 | D:4      | 17059 ||| FLEEEEING.
 17060 | D:4      | 17060 ||| FLEEEEING.
 17061 | D:4      | 17061 ||| FLEEEEING.
 17062 | D:4      | 17062 ||| FLEEEEING.
 17063 | D:4      | 17063 ||| FLEEEEING.
 17064 | D:4      | 17064 ||| FLEEEEING.
 17065 | D:4      | 17065 ||| FLEEEEING.
 17066 | D:4      | 17066 ||| FLEEEEING.
 17565 | D:4      | 17565 ||| FLEEEEING.
 17566 | D:4      | 17566 ||| FLEEEEING.
 17567 | D:4      | 17567 ||| FLEEEEING.
 17568 | D:4      | 17568 ||| FLEEEEING.
 17569 | D:4      | 17569 ||| FLEEEEING.
 17570 | D:4      | 17570 ||| FLEEEEING.
 17571 | D:4      | 17571 ||| FLEEEEING.
 17572 | D:4      | 17572 ||| FLEEEEING.
 17793 | D:4      | 17793 ||| FLEEEEING.
 17794 | D:4      | 17794 ||| FLEEEEING.
 17795 | D:4      | 17795 ||| FLEEEEING.
 17796 | D:4      | 17796 ||| FLEEEEING.
 17797 | D:4      | 17797 ||| FLEEEEING.
 17798 | D:4      | 17798 ||| FLEEEEING.
 17799 | D:4      | 17799 ||| FLEEEEING.
 17800 | D:4      | 17800 ||| FLEEEEING.
 17941 | D:4      | 17941 ||| FLEEEEING.
 17942 | D:4      | 17942 ||| FLEEEEING.
 17943 | D:4      | 17943 ||| FLEEEEING.
 17944 | D:4      | 17944 ||| FLEEEEING.
 17945 | D:4      | 17945 ||| FLEEEEING.
 17946 | D:4      | 17946 ||| FLEEEEING.
 17947 | D:4      | 17947 ||| FLEEEEING.
 18172 | D:4      | 18172 ||| FLEEEEING.
 18173 | D:4      | 18173 ||| FLEEEEING.
 18174 | D:4      | 18174 ||| FLEEEEING.
 18175 | D:4      | 18175 ||| FLEEEEING.
 18176 | D:4      | 18176 ||| FLEEEEING.
 18177 | D:4      | 18177 ||| FLEEEEING.
 18178 | D:4      | 18178 ||| FLEEEEING.
 18179 | D:4      | 18179 ||| FLEEEEING.
 18388 | D:4      | 18388 ||| FLEEEEING.
 18389 | D:4      | 18389 ||| FLEEEEING.
 18390 | D:4      | 18390 ||| FLEEEEING.
 18404 | D:4      | 18404 ||| FLEEEEING.
 18434 | D:4      | 18434 ||| FLEEEEING.
 18435 | D:4      | 18435 ||| FLEEEEING.
 18436 | D:4      | 18436 ||| FLEEEEING.
 18437 | D:4      | 18437 ||| FLEEEEING.
 18704 | D:4      | 18704 ||| FLEEEEING.
 18705 | D:4      | 18705 ||| FLEEEEING.
 18706 | D:4      | 18706 ||| FLEEEEING.
 18707 | D:4      | 18707 ||| FLEEEEING.
 18708 | D:4      | 18708 ||| FLEEEEING.
 18709 | D:4      | 18709 ||| FLEEEEING.
 18894 | D:4      | 18894 ||| FLEEEEING.
 18895 | D:4      | 18895 ||| FLEEEEING.
 18896 | D:4      | 18896 ||| FLEEEEING.
 18897 | D:4      | 18897 ||| FLEEEEING.
 18912 | D:4      | 18912 ||| FLEEEEING.
 18913 | D:4      | 18913 ||| FLEEEEING.
 18914 | D:4      | 18914 ||| FLEEEEING.
 18915 | D:4      | 18915 ||| FLEEEEING.
 18979 | D:4      | 18979 ||| FLEEEEING.
 18980 | D:4      | 18980 ||| FLEEEEING.
 18981 | D:4      | 18981 ||| FLEEEEING.
 18982 | D:4      | 18982 ||| FLEEEEING.
 18983 | D:4      | 18983 ||| FLEEEEING.
 18984 | D:4      | 18984 ||| FLEEEEING.
 18985 | D:4      | 18985 ||| FLEEEEING.
 18986 | D:4      | 18986 ||| FLEEEEING.
 19165 | D:4      | 19165 ||| FLEEEEING.
 19166 | D:4      | 19166 ||| FLEEEEING.
 19167 | D:4      | 19167 ||| FLEEEEING.
 19168 | D:4      | 19168 ||| FLEEEEING.
 19169 | D:4      | 19169 ||| FLEEEEING.
 19170 | D:4      | 19170 ||| FLEEEEING.
 19171 | D:4      | 19171 ||| FLEEEEING.
 19172 | D:4      | 19172 ||| FLEEEEING.
 19370 | D:4      | 19370 ||| FLEEEEING.
 19371 | D:4      | 19371 ||| FLEEEEING.
 19372 | D:4      | 19372 ||| FLEEEEING.
 19373 | D:4      | 19373 ||| FLEEEEING.
 19374 | D:4      | 19374 ||| FLEEEEING.
 19375 | D:4      | 19375 ||| FLEEEEING.
 19479 | D:4      | 19479 ||| FLEEEEING.
 19480 | D:4      | 19480 ||| FLEEEEING.
 19481 | D:4      | 19481 ||| FLEEEEING.
 19482 | D:4      | 19482 ||| FLEEEEING.
 19483 | D:4      | 19483 ||| FLEEEEING.
 19484 | D:4      | 19484 ||| FLEEEEING.
 19485 | D:4      | 19485 ||| FLEEEEING.
 20695 | D:4      | 20695 ||| FLEEEEING.
 20696 | D:4      | 20696 ||| FLEEEEING.
 20697 | D:4      | 20697 ||| FLEEEEING.
 20716 | D:4      | 20716 ||| FLEEEEING.
 20717 | D:4      | 20717 ||| FLEEEEING.
 20718 | D:4      | 20718 ||| FLEEEEING.
 20719 | D:4      | 20719 ||| FLEEEEING.
 20852 | D:4      | 20852 ||| FLEEEEING.
 20853 | D:4      | 20853 ||| FLEEEEING.
 20854 | D:4      | 20854 ||| FLEEEEING.
 20855 | D:4      | 20855 ||| FLEEEEING.
 20856 | D:4      | 20856 ||| FLEEEEING.
 20857 | D:4      | 20857 ||| FLEEEEING.
 20858 | D:4      | 20858 ||| FLEEEEING.
 20859 | D:4      | 20859 ||| FLEEEEING.
 21163 | D:4      | 21163 ||| FLEEEEING.
 21164 | D:4      | 21164 ||| FLEEEEING.
 21165 | D:4      | 21165 ||| FLEEEEING.
 21166 | D:4      | 21166 ||| FLEEEEING.
 21167 | D:4      | 21167 ||| FLEEEEING.
 21168 | D:4      | 21168 ||| FLEEEEING.
 21330 | D:4      | 21330 ||| FLEEEEING.
 21331 | D:4      | 21331 ||| FLEEEEING.
 21332 | D:4      | 21332 ||| FLEEEEING.
 21333 | D:4      | 21333 ||| FLEEEEING.
 21334 | D:4      | 21334 ||| FLEEEEING.
 21335 | D:4      | 21335 ||| FLEEEEING.
 21336 | D:4      | 21336 ||| FLEEEEING.
 21437 | D:4      | 21437 ||| FLEEEEING.
 21438 | D:4      | 21438 ||| FLEEEEING.
 21439 | D:4      | 21439 ||| FLEEEEING.
 21440 | D:4      | 21440 ||| FLEEEEING.
 21441 | D:4      | 21441 ||| FLEEEEING.
 21442 | D:4      | 21442 ||| FLEEEEING.
 21443 | D:4      | 21443 ||| FLEEEEING.
 21444 | D:4      | 21444 ||| FLEEEEING.
 21596 | D:4      | 21596 ||| FLEEEEING.
 21597 | D:4      | 21597 ||| FLEEEEING.
 21601 | D:4      | 21601 ||| FLEEEEING.
 21602 | D:4      | 21602 ||| FLEEEEING.
 21603 | D:4      | 21603 ||| FLEEEEING.
 21604 | D:4      | 21604 ||| FLEEEEING.
 21779 | D:4      | 21779 ||| FLEEEEING.
 21780 | D:4      | 21780 ||| FLEEEEING.
 21781 | D:4      | 21781 ||| FLEEEEING.
 21782 | D:4      | 21782 ||| FLEEEEING.
 21788 | D:4      | 21788 ||| FLEEEEING.
 21789 | D:4      | 21789 ||| FLEEEEING.
 21790 | D:4      | 21790 ||| FLEEEEING.
 21945 | D:4      | 21945 ||| FLEEEEING.
 21946 | D:4      | 21946 ||| FLEEEEING.
 21947 | D:4      | 21947 ||| FLEEEEING.
 21948 | D:4      | 21948 ||| FLEEEEING.
 21949 | D:4      | 21949 ||| FLEEEEING.
 21950 | D:4      | 21950 ||| FLEEEEING.
 21951 | D:4      | 21951 ||| FLEEEEING.
 21952 | D:4      | 21952 ||| FLEEEEING.
 22065 | D:4      | 22065 ||| FLEEEEING.
 22066 | D:4      | 22066 ||| FLEEEEING.
 22067 | D:4      | 22067 ||| FLEEEEING.
 22068 | D:4      | 22068 ||| FLEEEEING.
 22069 | D:4      | 22069 ||| FLEEEEING.
 22070 | D:4      | 22070 ||| FLEEEEING.
 22071 | D:4      | 22071 ||| FLEEEEING.
 22204 | D:4      | 22204 ||| FLEEEEING.
 22205 | D:4      | 22205 ||| FLEEEEING.
 22206 | D:4      | 22206 ||| FLEEEEING.
 22207 | D:4      | 22207 ||| FLEEEEING.
 22208 | D:4      | 22208 ||| FLEEEEING.
 22209 | D:4      | 22209 ||| FLEEEEING.
 22210 | D:4      | 22210 ||| FLEEEEING.
 22211 | D:4      | 22211 ||| FLEEEEING.
 22334 | D:4      | 22334 ||| FLEEEEING.
 22335 | D:4      | 22335 ||| FLEEEEING.
 22336 | D:4      | 22336 ||| FLEEEEING.
 22337 | D:4      | 22337 ||| FLEEEEING.
 22338 | D:4      | 22338 ||| FLEEEEING.
 22339 | D:4      | 22339 ||| FLEEEEING.
 22340 | D:4      | 22340 ||| FLEEEEING.
 22551 | D:4      | 22551 ||| FLEEEEING.
 22552 | D:4      | 22552 ||| FLEEEEING.
 22553 | D:4      | 22553 ||| FLEEEEING.
 22554 | D:4      | 22554 ||| FLEEEEING.
 22555 | D:4      | 22555 ||| FLEEEEING.
 22556 | D:4      | 22556 ||| FLEEEEING.
 22557 | D:4      | 22557 ||| FLEEEEING.
 22558 | D:4      | 22558 ||| FLEEEEING.
 22869 | D:4      | 22869 ||| FLEEEEING.
 22870 | D:4      | 22870 ||| FLEEEEING.
 22871 | D:4      | 22871 ||| FLEEEEING.
 22872 | D:4      | 22872 ||| FLEEEEING.
 22873 | D:4      | 22873 ||| FLEEEEING.
 22874 | D:4      | 22874 ||| FLEEEEING.
 22875 | D:4      | 22875 ||| FLEEEEING.
 22876 | D:4      | 22876 ||| FLEEEEING.
 22941 | D:4      | 22941 ||| FLEEEEING.
 22942 | D:4      | 22942 ||| FLEEEEING.
 22943 | D:4      | 22943 ||| FLEEEEING.
 23054 | D:4      | 23054 ||| FLEEEEING.
 23055 | D:4      | 23055 ||| FLEEEEING.
 23056 | D:4      | 23056 ||| FLEEEEING.
 23057 | D:4      | 23057 ||| FLEEEEING.
 23058 | D:4      | 23058 ||| FLEEEEING.
 23059 | D:4      | 23059 ||| FLEEEEING.
 23060 | D:4      | 23060 ||| FLEEEEING.
 23061 | D:4      | 23061 ||| FLEEEEING.
 23240 | D:4      | 23240 ||| FLEEEEING.
 23241 | D:4      | 23241 ||| FLEEEEING.
 23242 | D:4      | 23242 ||| FLEEEEING.
 23243 | D:4      | 23243 ||| FLEEEEING.
 23244 | D:4      | 23244 ||| FLEEEEING.
 23245 | D:4      | 23245 ||| FLEEEEING.
 23296 | D:4      | 23296 ||| FLEEEEING.
 23297 | D:4      | 23297 ||| FLEEEEING.
 24504 | D:4      | 24504 ||| FLEEEEING.
 24505 | D:4      | 24505 ||| FLEEEEING.
 24506 | D:4      | 24506 ||| FLEEEEING.
 24507 | D:4      | 24507 ||| FLEEEEING.
 24508 | D:4      | 24508 ||| FLEEEEING.
 24509 | D:4      | 24509 ||| FLEEEEING.
 24510 | D:4      | 24510 ||| FLEEEEING.
 24864 | D:4      | 24864 ||| FLEEEEING.
 24865 | D:4      | 24865 ||| FLEEEEING.
 24866 | D:4      | 24866 ||| FLEEEEING.
 24867 | D:4      | 24867 ||| FLEEEEING.
 24868 | D:4      | 24868 ||| FLEEEEING.
 24869 | D:4      | 24869 ||| FLEEEEING.
 24870 | D:4      | 24870 ||| FLEEEEING.
 24871 | D:4      | 24871 ||| FLEEEEING.
 25090 | D:4      | 25090 ||| FLEEEEING.
 25091 | D:4      | 25091 ||| FLEEEEING.
 25092 | D:4      | 25092 ||| FLEEEEING.
 25093 | D:4      | 25093 ||| FLEEEEING.
 25094 | D:4      | 25094 ||| FLEEEEING.
 25095 | D:4      | 25095 ||| FLEEEEING.
 25096 | D:4      | 25096 ||| FLEEEEING.
 25097 | D:4      | 25097 ||| FLEEEEING.
 25304 | D:4      | 25304 ||| FLEEEEING.
 25306 | D:4      | 25306 ||| FLEEEEING.
 25307 | D:4      | 25307 ||| FLEEEEING.
 25308 | D:4      | 25308 ||| FLEEEEING.
 25309 | D:4      | 25309 ||| FLEEEEING.
 25310 | D:4      | 25310 ||| FLEEEEING.
 25311 | D:4      | 25311 ||| FLEEEEING.
 25979 | D:4      | 25979 ||| FLEEEEING.
 25980 | D:4      | 25980 ||| FLEEEEING.
 25981 | D:4      | 25981 ||| FLEEEEING.
 25982 | D:4      | 25982 ||| FLEEEEING.
 25983 | D:4      | 25983 ||| FLEEEEING.
 25984 | D:4      | 25984 ||| FLEEEEING.
 25985 | D:4      | 25985 ||| FLEEEEING.
 26466 | D:4      | 26466 ||| FLEEEEING.
 26467 | D:4      | 26467 ||| FLEEEEING.
 26468 | D:4      | 26468 ||| FLEEEEING.
 26469 | D:4      | 26469 ||| FLEEEEING.
 26470 | D:4      | 26470 ||| FLEEEEING.
 26471 | D:4      | 26471 ||| FLEEEEING.
 26472 | D:4      | 26472 ||| FLEEEEING.
 26473 | D:4      | 26473 ||| FLEEEEING.
 26539 | D:4      | 26539 ||| FLEEEEING.
 26540 | D:4      | 26540 ||| FLEEEEING.
 26541 | D:4      | 26541 ||| FLEEEEING.
 27116 | D:4      | Glimpsed the power of Zot.
 27130 | D:4      | 27130 ||| FLEEEEING.
 27131 | D:4      | 27131 ||| FLEEEEING.
 27132 | D:4      | 27132 ||| FLEEEEING.
 27133 | D:4      | 27133 ||| FLEEEEING.
 27134 | D:4      | 27134 ||| FLEEEEING.
 27135 | D:4      | 27135 ||| FLEEEEING.
 27136 | D:4      | 27136 ||| FLEEEEING.
 27137 | D:4      | 27137 ||| FLEEEEING.
 27616 | D:4      | Glimpsed the power of Zot.
 27675 | D:4      | 27675 ||| FLEEEEING.
 27676 | D:4      | 27676 ||| FLEEEEING.
 27677 | D:4      | 27677 ||| FLEEEEING.
 27678 | D:4      | 27678 ||| FLEEEEING.
 27679 | D:4      | 27679 ||| FLEEEEING.
 27680 | D:4      | 27680 ||| FLEEEEING.
 27681 | D:4      | 27681 ||| FLEEEEING.
 27682 | D:4      | 27682 ||| FLEEEEING.
 27795 | D:4      | 27795 ||| FLEEEEING.
 27796 | D:4      | 27796 ||| FLEEEEING.
 27797 | D:4      | 27797 ||| FLEEEEING.
 27801 | D:4      | 27801 ||| FLEEEEING.
 27802 | D:4      | 27802 ||| FLEEEEING.
 27803 | D:4      | 27803 ||| FLEEEEING.
 27804 | D:4      | 27804 ||| FLEEEEING.
 27923 | D:4      | 27923 ||| FLEEEEING.
 27924 | D:4      | 27924 ||| FLEEEEING.
 27925 | D:4      | 27925 ||| FLEEEEING.
 27927 | D:4      | 27927 ||| FLEEEEING.
 27928 | D:4      | 27928 ||| FLEEEEING.
 27929 | D:4      | 27929 ||| FLEEEEING.
 27930 | D:4      | 27930 ||| FLEEEEING.
 27931 | D:4      | 27931 ||| FLEEEEING.
 28016 | D:4      | Glimpsed the power of Zot.
 28108 | D:4      | 28108 ||| FLEEEEING.
 28109 | D:4      | 28109 ||| FLEEEEING.
 28110 | D:4      | 28110 ||| FLEEEEING.
 28111 | D:4      | 28111 ||| FLEEEEING.
 28112 | D:4      | 28112 ||| FLEEEEING.
 28113 | D:4      | 28113 ||| FLEEEEING.
 28114 | D:4      | 28114 ||| FLEEEEING.
 28115 | D:4      | 28115 ||| FLEEEEING.
 28116 | D:4      | Touched by the power of Zot.
 28117 | D:4      | Glimpsed the power of Zot.
 28226 | D:4      | 28226 ||| FLEEEEING.
 28227 | D:4      | 28227 ||| FLEEEEING.
 28228 | D:4      | 28228 ||| FLEEEEING.
 28229 | D:4      | 28229 ||| FLEEEEING.
 28230 | D:4      | 28230 ||| FLEEEEING.
 28231 | D:4      | 28231 ||| FLEEEEING.
 28232 | D:4      | 28232 ||| FLEEEEING.
 28489 | D:4      | 28489 ||| FLEEEEING.
 28490 | D:4      | 28490 ||| FLEEEEING.
 28491 | D:4      | 28491 ||| FLEEEEING.
 28492 | D:4      | 28492 ||| FLEEEEING.
 28493 | D:4      | 28493 ||| FLEEEEING.
 28494 | D:4      | 28494 ||| FLEEEEING.
 28495 | D:4      | 28495 ||| FLEEEEING.
 28604 | D:4      | 28604 ||| FLEEEEING.
 28605 | D:4      | 28605 ||| FLEEEEING.
 28606 | D:4      | 28606 ||| FLEEEEING.
 28607 | D:4      | 28607 ||| FLEEEEING.
 28608 | D:4      | 28608 ||| FLEEEEING.
 28609 | D:4      | 28609 ||| FLEEEEING.
 28610 | D:4      | 28610 ||| FLEEEEING.
 28611 | D:4      | 28611 ||| FLEEEEING.
 28617 | D:4      | Glimpsed the power of Zot.
 28732 | D:4      | 28732 ||| FLEEEEING.
 28733 | D:4      | 28733 ||| FLEEEEING.
 28734 | D:4      | 28734 ||| FLEEEEING.
 28735 | D:4      | 28735 ||| FLEEEEING.
 28736 | D:4      | 28736 ||| FLEEEEING.
 28737 | D:4      | 28737 ||| FLEEEEING.
 28738 | D:4      | 28738 ||| FLEEEEING.
 28739 | D:4      | 28739 ||| FLEEEEING.
 28813 | D:4      | 28813 ||| FLEEEEING.
 28814 | D:4      | 28814 ||| FLEEEEING.
 28815 | D:4      | 28815 ||| FLEEEEING.
 28816 | D:4      | 28816 ||| FLEEEEING.
 28817 | D:4      | 28817 ||| FLEEEEING.
 28818 | D:4      | 28818 ||| FLEEEEING.
 28819 | D:4      | 28819 ||| FLEEEEING.
 29012 | D:4      | 29012 ||| FLEEEEING.
 29013 | D:4      | 29013 ||| FLEEEEING.
 29014 | D:4      | 29014 ||| FLEEEEING.
 29015 | D:4      | 29015 ||| FLEEEEING.
 29016 | D:4      | 29016 ||| FLEEEEING.
 29017 | D:4      | 29017 ||| FLEEEEING.
 29017 | D:4      | Glimpsed the power of Zot.
 29018 | D:4      | 29018 ||| FLEEEEING.
 29019 | D:4      | 29019 ||| FLEEEEING.
 29116 | D:4      | Touched by the power of Zot.
 29117 | D:4      | Glimpsed the power of Zot.
 29143 | D:4      | 29143 ||| FLEEEEING.
 29144 | D:4      | 29144 ||| FLEEEEING.
 29145 | D:4      | 29145 ||| FLEEEEING.
 29146 | D:4      | 29146 ||| FLEEEEING.
 29147 | D:4      | 29147 ||| FLEEEEING.
 29148 | D:4      | 29148 ||| FLEEEEING.
 29149 | D:4      | 29149 ||| FLEEEEING.
 29150 | D:4      | 29150 ||| FLEEEEING.
 29257 | D:4      | 29257 ||| FLEEEEING.
 29263 | D:4      | 29263 ||| FLEEEEING.
 29264 | D:4      | 29264 ||| FLEEEEING.
 29265 | D:4      | 29265 ||| FLEEEEING.
 29266 | D:4      | 29266 ||| FLEEEEING.
 29267 | D:4      | 29267 ||| FLEEEEING.
 29268 | D:4      | 29268 ||| FLEEEEING.
 29269 | D:4      | 29269 ||| FLEEEEING.
 29459 | D:4      | 29459 ||| FLEEEEING.
 29460 | D:4      | 29460 ||| FLEEEEING.
 29461 | D:4      | 29461 ||| FLEEEEING.
 29462 | D:4      | 29462 ||| FLEEEEING.
 29463 | D:4      | 29463 ||| FLEEEEING.
 29464 | D:4      | 29464 ||| FLEEEEING.
 29617 | D:4      | Glimpsed the power of Zot.
 29683 | D:4      | 29683 ||| FLEEEEING.
 29684 | D:4      | 29684 ||| FLEEEEING.
 29685 | D:4      | 29685 ||| FLEEEEING.
 29686 | D:4      | 29686 ||| FLEEEEING.
 29687 | D:4      | 29687 ||| FLEEEEING.
 29688 | D:4      | 29688 ||| FLEEEEING.
 29689 | D:4      | 29689 ||| FLEEEEING.
 29690 | D:4      | 29690 ||| FLEEEEING.
 29825 | D:4      | 29825 ||| FLEEEEING.
 29826 | D:4      | 29826 ||| FLEEEEING.
 29827 | D:4      | 29827 ||| FLEEEEING.
 29828 | D:4      | 29828 ||| FLEEEEING.
 29829 | D:4      | 29829 ||| FLEEEEING.
 29830 | D:4      | 29830 ||| FLEEEEING.
 29831 | D:4      | 29831 ||| FLEEEEING.
 29832 | D:4      | 29832 ||| FLEEEEING.
 29939 | D:4      | 29939 ||| FLEEEEING.
 29940 | D:4      | 29940 ||| FLEEEEING.
 29941 | D:4      | 29941 ||| FLEEEEING.
 29942 | D:4      | 29942 ||| FLEEEEING.
 29943 | D:4      | 29943 ||| FLEEEEING.
 29944 | D:4      | 29944 ||| FLEEEEING.
 29945 | D:4      | 29945 ||| FLEEEEING.
 29946 | D:4      | 29946 ||| FLEEEEING.
 30017 | D:4      | Glimpsed the power of Zot.
 30074 | D:4      | 30074 ||| FLEEEEING.
 30075 | D:4      | 30075 ||| FLEEEEING.
 30076 | D:4      | 30076 ||| FLEEEEING.
 30077 | D:4      | 30077 ||| FLEEEEING.
 30078 | D:4      | 30078 ||| FLEEEEING.
 30079 | D:4      | 30079 ||| FLEEEEING.
 30080 | D:4      | 30080 ||| FLEEEEING.
 30081 | D:4      | 30081 ||| FLEEEEING.
 30116 | D:4      | Touched by the power of Zot.
 30117 | D:4      | Glimpsed the power of Zot.
 30273 | D:4      | Slain by a goblin

Levels and vault maps discovered:
D:1:      erik_arrival_blinker_ship, layout_rooms,
          ebering_ecumenical_altar_webs, minmay_indecisive_spiral
D:2:      layout_basic, serial_co_window_serial, co_window_paths_b,
          co_window_paths_a, co_window_of_opportunity_a, co_window_corner_a,
          co_window_cross_1, co_window_of_opportunity_c,
          co_window_unsneaky_path_e, co_window_corner_b,
          co_window_of_opportunity_c, co_window_sun, glass_columns_a,
          glass_columns_c, glass_columns_b, minivault_14
D:3:      cheibrodos_fertilizer, layout_loops_cross, led_sif_book,
          mainiacjoe_overflow_catwalk, pf_just_have_faith
D:4:      nicolae_cairo_tiling, layout_basic, kennysheep_okawaru_gauntlet,
          nicolae_yredelemnul_corpse_copse, lemuel_zombie_altar_kikubaaqudgha,
          biasface_ghost_orc_armoury, minmay_bent
D:5:      kennysheep_big_flooded_room, layout_rooms,
          mainiacjoe_overflow_divided_tiny, amethyst_overflow_temple_binary,
          uniq_blork_the_orc

Skill      XL: |  1  2  3  4  5  6 |
---------------+-------------------+-----
Axes           | 2 3 4 5 |  5.8
Armour         | 2 3 |  3.0
Fighting       | 4 |  4.1
Dodging        | |  1.5
Stealth        | |  5.4

Action                   |  1- 3 |  4- 6 |  7- 9 || total
-------------------------+-------+-------+-------++-------
Melee: Hand axe          |    13 |       |       ||    13
       War axe           |   109 |   185 |     1 ||   295
       Punch             |     1 |     2 |       ||     3
  Use: Scroll            |     4 |       |     3 ||     7
       Potion            |       |     4 |     2 ||     6
Armor: Leather armour    |     8 |       |       ||     8
       Ring mail         |    36 |       |       ||    36
       Plate armour      |    26 |   156 |  2975 ||  3157
Dodge: Dodged            |    64 |    38 |   894 ||   996

Table legend:
 A = Non-vault XP
 B = Vault XP
 C = Vault XP percentage of total XP
 D = Non-vault monster count
 E = Vault monster count
 F = Vault count percentage of total count
                 A         B        C        D         E       F
            +---------+---------+-------+---------+---------+-------
      Total |     432 |     240 |  35.7 |      65 |      36 |  35.6
            +---------+---------+-------+---------+---------+-------
        D:1 |      13 |       9 |  40.9 |       8 |       4 |  33.3
        D:2 |      46 |       0 |   0.0 |      13 |       0 |   0.0
        D:3 |      37 |     106 |  74.1 |      19 |      16 |  45.7
        D:4 |     336 |     125 |  27.1 |      25 |      16 |  39.0
            +---------+---------+-------+---------+---------+-------
